 Dungeon Crawl Stone Soup version 0.30-a0-937-ga0a21ad780 (webtiles) character file.

Game seed: 16514178784092383537

1722 senseless the Shield-Bearer (level 8, 0/73 HPs)
             Began as a Minotaur Fighter on Mar 24, 2023.
             Was a Believer of the Shining One.
             Slain by an ogre
             ... wielding a +0 giant spiked club
              (8 damage)
             ... on level 6 of the Dungeon.
             The game lasted 00:14:36 (5546 turns).

senseless the Shield-Bearer (Minotaur Fighter)      Turns: 5546, Time: 00:14:36

Health: 0/73       AC: 19    Str: 28    XL:     8   Next: 75%
Magic:  28/31      EV:  7    Int:  9    God:    the Shining One [**....]
Gold:   1163       SH: 17    Dex: 13    Spells: 7/7 levels left

rFire   . . .      SeeInvis .    z - +1 flail (heavy)
rCold   . . .      Faith    +    c - +0 buckler
rNeg    + . .      Spirit   .    d - +0 plate armour
rPois   .          Reflect  .    (helmet restricted)
rElec   .          Rampage  .    q - +1 cloak
rCorr   .                        n - +0 pair of gloves
Will    ++...                    a - +1 pair of boots Stlth
                                 b
                                   - Hermit's Pendant {Faith Invo=14 Evo=0 MP+5}
HPRegen 0.32/turn                g - ring of willpower
MPRegen 0.22/turn                t - ring "Boaskos" {Will+ MP+9 Str+6 Int+4}

@: lethally poisoned (0 -> -5), divinely shielded, slowed, glowing, very slow
A: horns 2, retaliatory headbutt, thin skeletal structure 1
a: Renounce Religion, Divine Shield


You were on level 6 of the Dungeon.
You worshipped the Shining One.
The Shining One was pleased with you.
You visited 1 branch of the dungeon, and saw 6 of its levels.
You also visited: Sewer.

You collected 1163 gold pieces.

Inventory:

Hand Weapons
 z - a +1 heavy flail (weapon)
Armour
 a - a +1 pair of boots (worn)
 c - a +0 buckler (worn)
 d - a +0 plate armour (worn)
 n - a +0 pair of gloves (worn)
 q - a +1 cloak (worn)
Jewellery
 b - the Hermit's Pendant (around neck) {Faith Invo=14 Evo=0 MP+5}
   (You found it on level 3 of the Dungeon)

   [amulet of faith]

   Invo=14: It sets your Invocations skill to 14.
   Evo=0: It sets your Evocations skill to 0.
   It allows you to gain divine favour quickly.
   MP:        It affects your magic capacity (+5).
 e - a ring of resist corrosion
 g - a ring of willpower (left hand)
 t - the ring "Boaskos" (right hand) {Will+ MP+9 Str+6 Int+4}
   (You found it on level 5 of the Dungeon)

   [ring of strength]

   Str:       It affects your strength (+6).
   Int:       It affects your intelligence (+4).
   MP:        It affects your magic capacity (+9).
   Will:      It increases your willpower.
Wands
 v - a wand of flame (28) (quivered)
Scrolls
 h - a scroll of fear
 i - a scroll of amnesia
 p - 5 scrolls of teleportation
Potions
 j - a potion of attraction
 k - 2 potions of mutation
 l - 3 potions of lignification
 m - a potion of curing
 o - a potion of brilliance
 r - 2 potions of might
 s - a potion of invisibility
 w - 2 potions of haste
 x - a potion of magic
 C - a potion of cancellation
 D - 5 potions of flight
 E - a potion of ambrosia


   Skills:
 + Level 7.4 Fighting
 - Level 5.1 Long Blades
 + Level 5.6 Maces & Flails
 + Level 7.4 Armour
 + Level 7.4 Shields


You had 7 spell levels left.
You didn't know any spells.
Your spell library contained the following spells:

 Spells                   Type           Power      Damage    Failure   Level
 Beastly Appendage        Tmut           0%         N/A       99%         1
 Freeze                   Ice            0%         1d3       99%         1
 Kiss of Death            Conj/Necr      0%         2d5       99%         1
 Wereblood                Tmut           0%         N/A       100%        2
 Confusing Touch          Hex            0%         N/A       100%        3
 Frozen Ramparts          Ice            0%         1d1       100%        3
 Hailstorm                Conj/Ice       0%         3d3       100%        3
 Ignite Poison            Fire/Tmut/Pois 0%         N/A       100%        3
 Spider Form              Tmut/Pois      0%         N/A       100%        3
 Dispel Undead            Necr           0%         3d6       100%        4
 Sticky Flame             Conj/Fire      0%         2d3       100%        4
 Ignition                 Fire           0%         3d3       100%        8


Dungeon Overview and Level Annotations

Branches:
Dungeon (6/15)             Temple (0/1) D:6           Sewer (visited)

Altars:
Elyvilon
Gozag
The Shining One


Innate Abilities, Weirdness & Mutations

You have a pair of horns on your head.
You reflexively headbutt those who attack you in melee.
You have a somewhat thin skeletal structure. (Dex +2, Stealth+)


Message History

The kobold barely misses you.
You barely miss the steam dragon.
The steam dragon is heavily wounded.
The kobold hits you with a +0 whip.
The kobold brigand hits you but does no damage.
The steam dragon breathes steam at you. The ball of steam hits you.
The kobold brigand hits you but does no damage.
You block the kobold's attack. You block the steam dragon's attack.
The steam dragon barely misses you.
A sky beast comes into view.
The kobold brigand throws a curare-tipped dart.
The curare-tipped dart hits you.
You are poisoned.
You have difficulty breathing.
You feel as though you will be slow longer.
You block the steam dragon's attack. The steam dragon claws you.
The kobold hits you but does no damage. The kobold hits you with a +0 whip.
The steam dragon bites you but does no damage.
You block the steam dragon's attack.
Unknown command.
You feel very sick. You block the kobold brigand's attack.
The kobold is engulfed in a cloud of scalding steam.
The kobold dies!
The steam dragon breathes steam at you. The ball of steam hits you!
* * * LOW HITPOINT WARNING * * *
Your shield is strengthened by the Shining One's divine power.
You are engulfed in a cloud of scalding steam.
You feel sick.
The kobold brigand is engulfed in a cloud of scalding steam.
The kobold brigand hits you but does no damage.
The sky beast flickers out of sight for a moment.
You block the steam dragon's attack. x2
The kobold brigand is engulfed in a cloud of scalding steam.
The kobold brigand hits you with a +0 dagger.
* * * LOW HITPOINT WARNING * * *
The ogre hits you with a +0 giant spiked club!
You die...

.....# #..........#
.....# ........###
.....# #.....#..##
###### #.....#...##.
...###.... #
......... #. #.....#
#.###Y)>..#
#...#@D...#$..
#..§KO.......
##...###..... #....#
.... #....#......
##### ##.........
###...#####..###.....
##.......##..## ##...
##...........## ..


You could see a steam dragon, a sky beast (invisible), a kobold brigand and an
ogre.

Vanquished Creatures
  Pikel (D:4)
  Edmund (D:4)
  A water moccasin (D:5)
  A black bear (D:6)
  A sky beast (D:6)
  An ogre (D:3)
  A centaur (D:5)
  A phantom (D:4)
  A scorpion (D:4)
  A howler monkey (D:4)
  A hound (D:5)
  A jelly (D:6)
  Crazy Yiuf (D:3)
  An orc wizard (D:5)
  Ijyb (D:4)
  4 iguanas
  Robin (D:4)
  13 adders
  4 river rats (Sewer)
  A white imp (D:6)
  4 worms
  6 orcs
  13 bats
  5 endoplasms
  5 giant cockroaches
  12 goblins
  7 hobgoblins
  3 jackals (Sewer)
  9 quokkas
  15 ball pythons
  6 frilled lizards
  6 kobolds
  5 rats
134 creatures vanquished.

Vanquished Creatures (others)
  A kobold (D:6)
  2 fungi (D:2)
3 creatures vanquished.

Grand Total: 137 creatures vanquished

Notes
Turn   | Place    | Note
-------+----------+-------------------------------------------
     0 | D:1      | senseless the Minotaur Fighter began the quest for the Orb.
     0 | D:1      | Reached XP level 1. HP: 19/19 MP: 0/0
    73 | D:1      | Found a faded altar of an unknown god.
    80 | D:1      | Prayed at the altar of an unknown god.
    80 | D:1      | Became a worshipper of the Shining One
    80 | D:1      | Reached * piety under the Shining One
   182 | D:1      | Reached XP level 2. HP: 21/27 MP: 1/1
   954 | D:2      | Reached XP level 3. HP: 25/33 MP: 2/2
  1512 | D:3      | Noticed an ogre
  1514 | D:3      | Found a faded altar of an unknown god.
  1514 | D:3      | Found the Hermit's Pendant {Faith Invo=14 Evo=0 MP+5}
  1517 | D:3      | Killed an ogre
  1518 | D:3      | Reached XP level 4. HP: 36/41 MP: 3/3
  1961 | D:3      | Found a runed translucent door.
  1962 | D:3      | Noticed Crazy Yiuf
  2169 | D:3      | Reached XP level 5. HP: 46/47 MP: 13/13
  2404 | D:3      | Killed Crazy Yiuf
  2482 | D:4      | Noticed a phantom
  2590 | D:3      | Gained mutation: You have a somewhat thin skeletal
                  | structure. (Dex +2, Stealth+) [potion of mutation]
  2616 | D:4      | Reached skill level 5 in Fighting
  2616 | D:4      | Reached skill level 5 in Armour
  2616 | D:4      | Reached skill level 5 in Shields
  2624 | D:4      | Found an opulent altar of Gozag.
  2625 | D:4      | Found a white marble altar of Elyvilon.
  2710 | D:4      | Killed a phantom
  2711 | D:4      | Reached skill level 1 in Long Blades
  2711 | D:4      | Reached XP level 6. HP: 56/56 MP: 15/15
  2860 | D:4      | Noticed Pikel
  2860 | D:4      | Reached ** piety under the Shining One
  2879 | D:4      | Killed Pikel
  2880 | D:4      | Reached XP level 7. HP: 35/62 MP: 16/16
  2993 | D:4      | Noticed Ijyb
  2994 | D:4      | Noticed Robin
  3007 | D:4      | Killed Ijyb
  3013 | D:4      | Killed Robin
  3339 | D:4      | Noticed Edmund
  3355 | D:4      | Killed Edmund
  3356 | D:4      | Reached skill level 5 in Long Blades
  3669 | D:5      | Entered Level 5 of the Dungeon
  3676 | D:5      | Identified a scroll of acquirement
  3676 | D:5      | Acquired 814 gold pieces
  3698 | D:5      | Identified the ring "Boaskos" {Will+ MP+9 Str+6 Int+4}
  3786 | D:5      | Found a glowing drain.
  3789 | D:5      | Reached XP level 8. HP: 71/71 MP: 17/17
  3797 | Sewer    | Entered a sewer
  4838 | D:5      | Reached skill level 5 in Maces & Flails
  5532 | D:6      | Found a staircase to the Ecumenical Temple.
  5546 | D:6      | Slain by an ogre

Illustrated notes

Levels and vault maps discovered:
D:1:      lordsloth_arrival_two_stooges, layout_basic,
          dilly_ecumenical_altar_fadedgnrine, minmay_misc_feat_square,
          moated_statue, minmay_tall_x
D:2:      layout_loops_ring, minmay_shallow_snake_nest
D:3:      layout_basic, hellmonk_guarded_unrand_hermit, uniq_crazy_yiuf_cottage
D:4:      layout_loops_ring, chequers_temple_overflow_statue_of_worship,
          minmay_misc_feat_iff, nicolae_goblin_pals, uniq_pikel, uniq_edmund
D:5:      layout_basic, portal_sewer_entry_d, sigmund_army, uniq_ijyb
D:6:      layout_cave_pods, minmay_temple_entry_tees

Skill      XL: |  1  2  3  4  5  6  7  8 |
---------------+-------------------------+-----
Armour         | 4 5 6 7 |  7.4
Fighting       | 4 5 6 7 |  7.4
Shields        | 4 5 6 7 |  7.4
Maces & Flails | 3 4 5 |  5.6
Long Blades    | 1 4 5 |  5.1

Action                     |  1- 3 |  4- 6 |  7- 9 || total
---------------------------+-------+-------+-------++-------
  Melee: Flail             |    58 |    32 |   103 ||   193
         Headbutt          |     6 |    14 |    17 ||    37
         Long sword        |       |    25 |    36 ||    61
 Invoke: Divine Shield     |       |       |     1 ||     1
    Use: Potion            |     1 |     1 |     1 ||     3
         Scroll            |       |     7 |    11 ||    18
 Armour: Scale mail        |    22 |       |       ||    22
         Chain mail        |     2 |     1 |       ||     3
         Plate armour      |       |    36 |   149 ||   185
  Dodge: Dodged            |    23 |    18 |    81 ||   122
  Block: Buckler           |    13 |    13 |    71 ||    97

Table legend: (Time is in decaauts)
 A = Elapsed time spent in this place.
 B = Non-inter-level travel time spent in this place.
 C = Inter-level travel time spent in this place.
 D = Time resting spent in this place.
 E = Time spent auto-exploring this place.
 F = Levels seen in this place.
 G = Mean time per level.
                   A        B        C        D        E       F      G
               +--------+--------+--------+--------+--------+-----+--------+
         Total |   5853 |   5508 |    345 |    100 |   4307 |   7 |  836.1 |
       Dungeon |   4945 |   4600 |    345 |    100 |   3755 |   6 |  824.2 |
         Sewer |    908 |    908 |      0 |      0 |    552 |   1 |  908.0 |
               +--------+--------+--------+--------+--------+-----+--------+

Top non-repeatable levels by time:
     D:3: 1156 daAuts
     D:4: 1086 daAuts
     D:5: 945 daAuts
   Sewer: 908 daAuts
     D:1: 864 daAuts
     D:2: 604 daAuts
     D:6: 288 daAuts
